 Dungeon Crawl Stone Soup version 0.23-a0-756-g517b432 (console) character file.

489 Duffy the Magician (level 6, -2/36 HPs)
             Began as a Deep Elf Wizard on Jan 19, 2019.
             Was an Initiate of Sif Muna.
             Slain by a centaur
             ... wielding a +0 short sword
              (7 damage)
             ... on level 5 of the Dungeon.
             The game lasted 00:06:30 (4704 turns).

Duffy the Magician (Deep Elf Wizard)                Turns: 4704, Time: 00:06:31

Health: -2/36      AC:  6    Str:  4    XL:     6   Next: 90%
Magic:  5/16       EV: 14    Int: 25    God:    Sif Muna [......]
Gold:   141        SH:  3    Dex: 13    Spells: 7/16 levels left

rFire    . . .     SeeInvis .   d - 9 rations
rCold    + . .     Gourm    .   (no shield)
rNeg     + . .     Faith    .   a - +0 robe
rPois    .         Spirit   .   q - +1 helmet
rElec    .         Reflect  +   l - +0 cloak
rCorr    .         Harm     .   h - +0 pair of gloves
MR       .....                  (no boots)
Stlth    ++........             s - +3 amulet of reflection
HPRegen  0.12/turn              m - ring of positive energy
MPRegen  0.15/turn              v - ring of protection from cold

@: no status effects
A: no striking features
a: Renounce Religion


You were on level 5 of the Dungeon.
You worshipped Sif Muna.
Sif Muna was noncommittal.
You were not hungry.

You visited 2 branches of the dungeon, and saw 6 of its levels.

You collected 141 gold pieces.

Inventory:

Armour
 a - a +0 robe (worn)
 h - a +0 pair of gloves (worn)
 l - a +0 cloak (worn)
 q - a +1 helmet (worn)
 A - the +2 scale mail of Prudence {rElec, unknown}
   (You found it on level 4 of the Dungeon)

   It insulates you from electricity.
Jewellery
 m - a ring of positive energy (left hand)
 s - a +3 amulet of reflection (around neck)
 v - a ring of protection from cold (right hand)
Wands
 b - a wand of digging (4)
 B - a wand of polymorph (10)
Scrolls
 c - 5 scrolls of remove curse
 f - 3 scrolls of identify {unknown}
 i - 4 scrolls of teleportation {unknown}
 j - a scroll of fog {unknown}
 n - a scroll of noise {unknown}
 p - a scroll of enchant armour {unknown}
 r - 2 scrolls of blinking {unknown}
 t - a scroll of enchant weapon {unknown}
 w - a scroll of immolation {unknown}
 y - a scroll of magic mapping {unknown}
Potions
 e - 3 potions of flight {unknown}
 g - 2 potions of agility {unknown}
 k - 2 potions of curing {unknown}
 o - a potion of lignification {unknown}
 u - a potion of degeneration {unknown}
 x - a potion of heal wounds {unknown}
 z - 2 potions of brilliance {unknown}
Comestibles
 d - 9 rations (in hand)


   Skills:
 + Level 2.8 Fighting
 + Level 5.0 Dodging
 - Level 2.4 Stealth
 + Level 5.8 Spellcasting
 - Level 4.3 Conjurations
   Level 1.1 Summonings
 - Level 1.1 Translocations


You had 7 spell levels left.
You knew the following spells:

 Your Spells              Type           Power        Failure   Level  Hunger
h - Magic Dart            Conj           ####         1%          1    None
l - Conjure Flame         Conj/Fire      ###.....     10%         3    #......
o - Mephitic Cloud        Conj/Pois/Air  ##......     12%         3    #......
B - Blink                 Tloc           N/A          8%          2    None

Your spell library contained the following spells:

 Spells                   Type           Power        Failure   Level  Hunger
 Call Imp                 Summ           ##......     8%          2    None
 Slow                     Hex            #.......     12%         2    None


Dungeon Overview and Level Annotations

Branches:
Dungeon (5/15)             Temple (1/1) D:4

Altars:
Ashenzari
Cheibriados
Elyvilon
Fedhas
Gozag
Hepliaklqana
Makhleb
Nemelex Xobeh
Okawaru
Qazlal
Ru
Sif Muna
Trog
Uskayaw
Vehumet
Xom
Yredelemnul
Zin
The Shining One

Annotations:
D:4 3 runed doors, Autsider's ghost, weakling FoAK


Message History

The centaur completely misses you.
The centaur hits you with a +0 short sword!
Casting: Magic Dart (safe; 1% risk of failure)
Confirm with . or Enter, or press ? or * to list all spells.
Aiming: Magic Dart (safe; 1% risk of failure)
Press: ? - help, Shift-Dir - straight line, f/p - centaur
Aim: a centaur, wielding a +0 short sword (severely wounded)
The magic dart hits the centaur.
The centaur is almost dead.
The centaur hits you with a +0 short sword!
Casting: Magic Dart (safe; 1% risk of failure)
Confirm with . or Enter, or press ? or * to list all spells.
Aiming: Magic Dart (safe; 1% risk of failure)
Press: ? - help, Shift-Dir - straight line, f/p - centaur
Aim: a centaur, wielding a +0 short sword (almost dead)
The magic dart hits the centaur.
The centaur is almost dead.
The centaur hits you but does no damage.
The centaur hits you with a +0 short sword!
You die...

######## # #.... ..
#. #.#.# .#
...####.#.# .# ##
.........##.# ..#
#.......#.# $..#
...#.....<.#.#....#
........a..........
.##........@c......
#........#.......
#........#.......
#.......<#..#...#
#.########......#
... #.##.## #. (# #
..


You could see a centaur and a worker ant.

Vanquished Creatures
  Sigmund (D:4)
  Edmund (D:4)
  Crazy Yiuf (D:2)
  Terence (D:2)
  2 worker ants
  4 adders
  An adder zombie (D:5)
  An adder skeleton (D:4)
  2 worms
  A dart slug (D:3)
  A leopard gecko (D:3)
  An orc (D:3)
  A ball python (D:4)
  8 bats
  2 giant cockroaches
  8 goblins
  4 hobgoblins
  2 jackals (D:2)
  2 quokkas
  6 frilled lizards
  A jackal skeleton (D:4)
  9 kobolds
  A leopard gecko skeleton (D:5)
  A quokka skeleton (D:4)
  6 rats
68 creatures vanquished.

Notes
Turn   | Place    | Note
-------+----------+-------------------------------------------
     0 | D:1      | Duffy the Deep Elf Wizard began the quest for the Orb.
     0 | D:1      | Reached XP level 1. HP: 10/10 MP: 7/7
   490 | D:1      | Reached XP level 2. HP: 15/15 MP: 5/9
  1150 | D:2      | Reached XP level 3. HP: 19/19 MP: 6/11
  1154 | D:2      | Learned a level 2 spell: Blink
  1158 | D:2      | Learned a level 3 spell: Conjure Flame
  1162 | D:2      | Learned a level 3 spell: Mephitic Cloud
  1338 | D:2      | Found a snail-covered altar of Cheibriados.
  1445 | D:2      | Noticed Terence
  1626 | D:2      | Killed Terence
  1626 | D:2      | Reached XP level 4. HP: 24/24 MP: 0/12
  1927 | D:2      | Found a runed door.
  1973 | D:2      | Found a burning altar of Makhleb.
  1975 | D:2      | Noticed a green death
  1979 | D:2      | Noticed a neqoxec
  1979 | D:2      | Noticed an orange demon
  2083 | D:2      | Noticed Crazy Yiuf
  2132 | D:2      | Killed Crazy Yiuf
  2410 | D:3      | Reached skill level 1 in Fighting
  2645 | D:3      | Found a blossoming altar of Fedhas.
  2867 | D:3      | Reached XP level 5. HP: 29/29 MP: 10/13
  3247 | D:4      | Found a staircase to the Ecumenical Temple.
  3309 | Temple   | Entered the Ecumenical Temple
  3495 | Temple   | Became a worshipper of Sif Muna the Loreminder
  3867 | D:4      | Found a runed gate.
  3867 | D:4      | Found a runed gate.
  3867 | D:4      | Found a runed gate.
  3895 | D:4      | Noticed Autsider's ghost (weakling FoAK)
  3896 | D:4      | Noticed an ice beast
  4018 | D:4      | Got a faintly humming scale mail
  4082 | D:4      | Noticed Sigmund
  4083 | D:4      | Noticed Edmund
  4231 | D:4      | Killed Edmund
  4231 | D:4      | Reached skill level 5 in Spellcasting
  4231 | D:4      | Reached XP level 6. HP: 35/35 MP: 2/15
  4357 | D:4      | Killed Sigmund
  4608 | D:5      | Entered Level 5 of the Dungeon
  4619 | D:5      | Reached skill level 5 in Dodging
  4704 | D:5      | Slain by a centaur

Vault maps used:
D:1:      dpeg_arrival_orchard, dk_noncrumbling_2
D:2:      old_standard_altar, makhleb_altar_promises_db,
          kennysheep_generic_room_8, uniq_crazy_yiuf_cottage, uniq_terence
D:3:      old_standard_altar, serial_corexii_hall, corexii_hall_statues_l,
          corexii_hall_statues_l, minmay_liquid_box
D:4:      minmay_temple_entry_grid, first_ration, gammafunk_ghost_icy,
          sigmund_edmund_badplayer
D:5:      serial_shops, kennysheep_mini, tgw_xom, uniq_blork_the_orc
Temple:   regret_index_temple_sphere_string

Skill      XL: |  1  2  3  4  5  6 |
---------------+-------------------+-----
Conjurations   | 2 3 4 |  4.3
Dodging        | 3 4 5 |  5.0
Fighting       | 1 2 |  2.8
Spellcasting   | 5 |  5.8
Stealth        | |  2.4
Summonings     | |  1.1
Translocations | |  1.1

Action                   |  1- 3 |  4- 6 || total
-------------------------+-------+-------++-------
 Cast: Magic Dart        |    66 |    95 ||   161
       Conjure Flame     |     4 |     7 ||    11
       Mephitic Cloud    |     2 |     6 ||     8
  Use: Scroll            |       |     2 ||     2
  Eat: Chunk             |     2 |    10 ||    12
Armor: Robe              |     2 |     1 ||     3
Dodge: Dodged            |     5 |    14 ||    19
Block: Other             |       |     4 ||     4
       Reflection        |       |     1 ||     1

Table legend:
 A = Non-vault XP
 B = Vault XP
 C = Vault XP percentage of total XP
 D = Non-vault monster count
 E = Vault monster count
 F = Vault count percentage of total count
                 A         B        C        D         E       F
            +---------+---------+-------+---------+---------+-------
      Total |     224 |     475 |  68.0 |      63 |       5 |   7.4
            +---------+---------+-------+---------+---------+-------
        D:1 |      24 |       0 |   0.0 |      16 |       0 |   0.0
        D:2 |      50 |      82 |  62.1 |      18 |       3 |  14.3
        D:3 |      62 |       0 |   0.0 |      19 |       0 |   0.0
        D:4 |      45 |     393 |  89.7 |       7 |       2 |  22.2
        D:5 |      43 |       0 |   0.0 |       3 |       0 |   0.0
            +---------+---------+-------+---------+---------+-------
